[Event "Team 45 45 League T49"]
[Site "Internet Chess Club"]
[Date "2011.06.07"]
[Round "4"]
[White "KidRattler"]
[Black "WilmaP"]
[Result "0-1"]
[WhiteElo "1185"]
[BlackElo "1220"]
[Opening "English opening"]
[ECO "A13"]
[Time "13:00:07"]
[TimeControl "2700+45"]

1. c4 e6 2. Nc3 d5 3. d3 Bb4 4. Qa4+ Nc6 5. Bd2 Bd7 6. e3 a6 7. Qc2 d4 8. Nce2
e5 9. Bxb4 Nxb4 10. Qc3 dxc3 11. Nxc3 Nc2+ {White resigns} 0-1

[Event "Team 45 45 League T49"]
[Site "Internet Chess Club"]
[Date "2011.06.06"]
[Round "4"]
[White "nlobo"]
[Black "kjs110"]
[Result "1-0"]
[WhiteElo "1042"]
[BlackElo "1045"]
[Opening "Caro-Kann defense"]
[ECO "B11"]
[Time "21:00:22"]
[TimeControl "2700+45"]

1. e4 c6 2. Nc3 d5 3. d3 e5 4. Qf3 d4 5. Nce2 Bc5 6. Qh5 Nd7 7. Bd2 Ngf6 8. Qg5
O-O 9. O-O-O h6 10. Qg3 Qb6 11. Bxh6 Nh5 12. Qg5 f6 13. Qxh5 gxh6 14. g3 Kh7 15.
Bh3 Nb8 16. Bxc8 Rxc8 17. Qf5+ Kg7 18. Qxc8 Qa5 19. Qxb7+ Kg6 20. Qxa8 Qxa2 21.
Qxb8 Qa1+ 22. Kd2 Qa5+ 23. c3 dxc3+ 24. bxc3 Qa2+ 25. Ke1 {Black resigns} 1-0

[Event "Team 45 45 League T49"]
[Site "Internet Chess Club"]
[Date "2011.06.04"]
[Round "4"]
[White "mrmarck"]
[Black "sockmonkey"]
[Result "1-0"]
[WhiteElo "1245"]
[BlackElo "1100"]
[Opening "Queen's pawn game"]
[ECO "D00"]
[Time "10:00:27"]
[TimeControl "2700+45"]

1. d4 d5 2. e3 e6 3. c4 f5 4. Nc3 c6 5. Nf3 Nf6 6. Be2 Bd6 7. O-O O-O 8. a3 Qe7
9. Re1 Ne4 10. cxd5 exd5 11. Bf1 Nd7 12. Ne2 Ndf6 13. Nf4 g5 14. Nd3 b6 15. Nde5
Bb7 16. b4 c5 17. bxc5 bxc5 18. Nd3 g4 19. Nh4 Nd7 20. g3 Qg7 21. Bb2 Rac8 22.
dxc5 Be5 23. Nxe5 Nxe5 24. Qd4 Nf3+ 25. Nxf3 Qxd4 26. Bxd4 gxf3 27. c6 Rxc6 28.
Ra2 a6 29. Bd3 Rc3 30. Bxc3 Nxc3 31. Rb2 Bc8 32. Rb6 a5 33. Rc1 d4 34. exd4 Re8
35. Rxc3 Re1+ 36. Bf1 f4 37. Rxc8+ {Black resigns} 1-0

[Event "Team 45 45 League T49"]
[Site "Internet Chess Club"]
[Date "2011.06.06"]
[Round "4"]
[White "kabubi"]
[Black "Traho"]
[Result "1-0"]
[WhiteElo "1144"]
[BlackElo "1184"]
[Opening "Caro-Kann: closed (Breyer) variation"]
[ECO "B10"]
[Time "21:00:11"]
[TimeControl "2700+45"]

1. e4 c6 2. d3 d5 3. Nd2 e5 4. Ngf3 Nf6 5. exd5 cxd5 6. Nxe5 Nc6 7. Nxc6 bxc6 8.
Be2 Be7 9. O-O O-O 10. Re1 Re8 11. d4 Bf5 12. Nf3 Bb4 13. c3 Ba5 14. Ne5 Qc8 15.
Bf4 Nd7 16. Bd3 Bxd3 17. Qxd3 Bb6 18. Qg3 Re6 19. Nxd7 Rxe1+ 20. Rxe1 Qxd7 21.
Bh6 g6 22. Qe5 f6 23. Qxf6 Qf7 24. Qxf7+ Kxf7 25. Re3 Bc7 26. Rf3+ Kg8 27. g3
Bd6 28. Rf6 Rd8 29. Bg5 Kg7 30. Rxg6+ Kxg6 31. Bxd8 c5 32. dxc5 Bxc5 33. Kg2 Kf5
34. Kf3 h5 35. h4 Kg6 36. g4 hxg4+ 37. Kxg4 Bxf2 38. h5+ Kh7 39. Kg5 Be3+ 40.
Kf5 Bc1 41. b4 Bb2 42. Bf6 Kh6 43. Ke6 Kxh5 44. Kxd5 Kg6 45. Bd4 a6 46. Kc5 Kf7
47. Kb6 Ke8 48. Kxa6 Kd7 49. a4 Kc8 50. b5 Kb8 51. Kb6 Ba3 52. a5 Bd6 53. a6
Bc7+ 54. Kc6 Bd8 55. b6 Ka8 56. b7+ Kb8 57. a7# {Black checkmated} 1-0

[Event "Team 45 45 League T49"]
[Site "Internet Chess Club"]
[Date "2011.06.06"]
[Round "4"]
[White "Graybeard"]
[Black "tcianciola"]
[Result "0-1"]
[WhiteElo "1074"]
[BlackElo "1187"]
[Opening "Sicilian: closed"]
[ECO "B23"]
[Time "20:00:48"]
[TimeControl "2700+45"]

1. e4 c5 2. Nc3 d6 3. f3 Nc6 4. Bc4 Nf6 5. Nge2 g6 6. d3 Bg7 7. b3 O-O 8. Bb2 a6
9. Qd2 b5 10. Bd5 Nxd5 11. exd5 Nd4 12. O-O-O Nxe2+ 13. Nxe2 Bxb2+ 14. Kxb2 e6
15. dxe6 Qf6+ 16. Kb1 Bxe6 17. Nf4 a5 18. Nxe6 Qxe6 19. Rde1 Qd7 20. Re3 a4 21.
b4 cxb4 22. Qxb4 Rfc8 23. a3 Qc6 24. Rc1 Qb6 25. d4 Rc4 26. Qd2 b4 27. Qd3 bxa3+
28. Ka2 Qb2# {White checkmated} 0-1

[Event "Team 45 45 League T49"]
[Site "Internet Chess Club"]
[Date "2011.06.01"]
[Round "4"]
[White "Duguesclin"]
[Black "heartbreakkid"]
[Result "0-1"]
[WhiteElo "1604"]
[BlackElo "1867"]
[Opening "QGD Slav defense"]
[ECO "D10"]
[Time "16:00:14"]
[TimeControl "2700+45"]

1. d4 d5 2. c4 c6 3. Bf4 dxc4 4. e4 Nf6 5. Nc3 b5 6. e5 Nd5 7. Qf3 Nb4 8. O-O-O
Bf5 9. a3 Nd5 10. g4 Nxc3 11. bxc3 Bg6 12. Rd2 e6 13. Ra2 Qa5 14. a4 Be7 15. Bd2
O-O 16. h4 h6 17. g5 h5 18. Nh3 Bf5 19. Qxh5 Be4 20. Rh2 Nd7 21. f3 Bg6 22. Qg4
Bf5 23. Qg3 Nb6 24. f4 Nxa4 25. h5 c5 26. g6 fxg6 27. hxg6 cxd4 28. cxd4 c3 29.
Be1 Qb4 30. Bd3 Qb3 31. Bxf5 Ba3+ 32. Rxa3 Qxa3+ 33. Kc2 Rxf5 34. Ng5 Qb2+ 35.
Kd3 Qb1+ 36. Ke2 c2 37. Qh4 c1=N+ 38. Kf3 Qd3+ 39. Kg4 Rxg5+ 40. fxg5 Qxd4+ 41.
Kh5 Qxe5 42. Bg3 Qc5 43. Kg4 Qf5+ 44. Kh5 Nd3 45. Qd4 Nac5 46. Qd6 Ne4 47. Qe7
Qf3+ 48. Kh4 Qxg3+ 49. Kh5 Nf4# {White checkmated} 0-1

[Event "Team 45 45 League T49"]
[Site "Internet Chess Club"]
[Date "2011.06.07"]
[Round "4"]
[White "Buford-Julep"]
[Black "aphort0212"]
[Result "1-0"]
[WhiteElo "1720"]
[BlackElo "1648"]
[Opening "Bishop's opening: Berlin defense"]
[ECO "C24"]
[Time "17:30:33"]
[TimeControl "2700+45"]

1. e4 e5 2. Bc4 Nf6 3. d3 d5 4. exd5 Nxd5 5. Nf3 Nc6 6. O-O Bc5 7. Re1 Bg4 8. h3
Bxf3 9. Qxf3 Nf6 10. c3 O-O 11. Bg5 Qd6 12. a4 e4 13. dxe4 Ne5 14. Qe2 Rad8 15.
b4 Bb6 16. a5 Nxc4 17. Qxc4 Qg3 18. axb6 Qxg5 19. bxc7 Ra8 20. Rxa7 Nd7 21. Rxa8
Rxa8 22. c8=Q+ Rxc8 23. Qxc8+ Nf8 {Black resigns} 1-0

[Event "Team 45 45 League T49"]
[Site "Internet Chess Club"]
[Date "2011.06.04"]
[Round "4"]
[White "Oscar"]
[Black "CKNIGHT3"]
[Result "1/2-1/2"]
[WhiteElo "1554"]
[BlackElo "1604"]
[Opening "QGD semi-Slav: Chigorin defense"]
[ECO "D45"]
[Time "12:00:31"]
[TimeControl "2700+45"]

1. d4 d5 2. c4 c6 3. Nf3 Nf6 4. Nc3 e6 5. e3 Bd6 6. Bd3 Nbd7 7. e4 dxe4 8. Nxe4
Nxe4 9. Bxe4 Nf6 10. Bg5 Bb4+ 11. Kf1 h6 12. Bxf6 Qxf6 13. Bxc6+ bxc6 14. Qa4
Bb7 15. Qxb4 Qe7 16. Qc3 O-O 17. c5 Ba6+ 18. Kg1 Rad8 19. g3 Be2 20. Ne5 Qb7 21.
Kg2 Rd5 22. Rhe1 Ba6 23. Rad1 Rb8 24. b3 f6 25. Ng6 Qd7 26. Nf4 Rf5 27. Nxe6
Qd5+ 28. Kg1 Rf3 29. Qa5 Re8 30. Nc7 Rxe1+ 31. Rxe1 Qxd4 32. Re8+ Kh7 33. Qe1
Bd3 34. Ne6 Qb2 35. Nf8+ Kg8 36. Qe6+ Kh8 37. Ng6+ Kh7 38. Nf8+ Kh8 39. Ng6+ Kh7
40. Nf8+ Kh8 41. Ng6+ Kh7 {Game drawn by repetition} 1/2-1/2

[Event "Team 45 45 League T49"]
[Site "Internet Chess Club"]
[Date "2011.06.05"]
[Round "4"]
[White "SirIvanhoe"]
[Black "sdcohle"]
[Result "1-0"]
[WhiteElo "1478"]
[BlackElo "1352"]
[Opening "French: King's Indian attack"]
[ECO "C00"]
[Time "21:30:07"]
[TimeControl "2700+45"]

1. e4 e6 2. d3 d5 3. Nd2 Nf6 4. Ngf3 dxe4 5. dxe4 Bb4 6. c3 Ba5 7. g3 O-O 8. Bg2
Nbd7 9. O-O e5 10. Re1 b5 11. Nb3 Bb6 12. a4 bxa4 13. Rxa4 Bb7 14. Nfd2 Ng4 15.
Qxg4 Nf6 16. Qe2 a5 17. Nc4 Ba6 18. Qd2 Qe8 19. Nxb6 cxb6 20. Ra1 Rd8 21. Qe3
Qe6 22. Nd2 Ng4 23. Qf3 Nf6 24. b4 Rd6 25. bxa5 bxa5 26. Rxa5 Rd3 27. Qf5 Qb6
28. Qxe5 Re8 29. Qc5 Qe6 30. Re3 Red8 31. Rxd3 Bxd3 32. Qc7 Re8 33. Ra7 Nd5 34.
Qd7 Nxc3 35. Qxd3 Rc8 36. Ra3 Nxe4 37. Qxe4 Rxc1+ 38. Nf1 g6 39. Ra8+ Kg7 40.
Qd4+ Qf6 41. Rg8+ Kxg8 42. Qxf6 Re1 43. Bd5 Re6 44. Bxe6 fxe6 45. Ne3 e5 46. Ng4
e4 47. Nh6# {Black checkmated} 1-0

[Event "Team 45 45 League T49"]
[Site "Internet Chess Club"]
[Date "2011.06.03"]
[Round "4"]
[White "gerailen0075"]
[Black "RD1974"]
[Result "1-0"]
[WhiteElo "1931"]
[BlackElo "1582"]
[Opening "Scandinavian: Pytel-Wade variation"]
[ECO "B01"]
[Time "18:04:06"]
[TimeControl "2700+45"]

1. e4 d5 2. exd5 Qxd5 3. Nc3 Qd6 4. d4 Nf6 5. Nf3 a6 6. g3 Bg4 7. Bg2 Nc6 8. O-O
O-O-O 9. d5 Ne5 10. Bf4 Nxf3+ 11. Bxf3 Bxf3 12. Qxf3 e5 13. dxe6 Qxe6 14. Rfe1
Qf5 15. Re5 Qg4 16. Qg2 h6 17. h3 Qg6 18. Nd5 Nxd5 19. Rxd5 Rxd5 20. Qxd5 Qe6
21. Qd4 Kb8 22. Qd8+ Qc8 23. Bxc7+ {Black resigns} 1-0

[Event "Team 45 45 League T49"]
[Site "Internet Chess Club"]
[Date "2011.06.06"]
[Round "4"]
[White "leo6"]
[Black "Helaman"]
[Result "1-0"]
[WhiteElo "1691"]
[BlackElo "1459"]
[Opening "Giuoco Piano"]
[ECO "C54"]
[Time "20:03:55"]
[TimeControl "2700+45"]

1. e4 e5 2. Nf3 Nc6 3. Bc4 Bc5 4. c3 Nf6 5. d4 exd4 6. e5 d5 7. Bb5 Ne4 8. cxd4
Bb6 9. O-O O-O 10. Nc3 Bg4 11. Bxc6 bxc6 12. Qd3 f5 13. Nd2 Nxd2 14. Qxd2 f4 15.
f3 Be6 16. Na4 Qg5 17. Qc3 Rae8 18. Nxb6 cxb6 19. Qxc6 Qh4 20. Bd2 Qe7 21. a3
Rc8 22. Qb5 Qf7 23. Bb4 Rfd8 24. Rac1 Rc4 25. Rfd1 Rdc8 26. Rxc4 Rxc4 27. b3 Bd7
28. Qa6 Bc8 29. Qa4 Rc7 30. Qb5 Bd7 31. Qe2 Bf5 32. Re1 Qe6 33. Qd2 g5 34. g4
Bg6 35. Rc1 Qc8 36. Rxc7 Qxc7 37. h4 h6 38. h5 Bf7 39. Bd6 Qc6 40. Kf2 Qc8 41.
Ke2 Qc6 42. a4 Kg7 43. Kd3 Qc8 44. Qc3 Qxc3+ 45. Kxc3 Be8 46. Bc7 Kf7 47. Bb8 a6
48. Bc7 b5 49. a5 Bd7 50. Kb4 Bxg4 51. fxg4 f3 52. e6+ {Black resigns} 1-0

[Event "Team 45 45 League T49"]
[Site "Internet Chess Club"]
[Date "2011.06.04"]
[Round "4"]
[White "blizzard13"]
[Black "Warpdrive"]
[Result "0-1"]
[WhiteElo "1435"]
[BlackElo "1614"]
[Opening "Caro-Kann: classical, 6.h4"]
[ECO "B19"]
[Time "14:03:30"]
[TimeControl "2700+45"]

1. e4 c6 2. d4 d5 3. Nc3 dxe4 4. Nxe4 Bf5 5. Ng3 Bg6 6. h4 h6 7. Nf3 e6 8. Ne5
Bh7 9. Bc4 Nd7 10. Qe2 Nxe5 11. Qxe5 Nf6 12. O-O Bd6 13. Qe2 Bxg3 14. fxg3 Qxd4+
15. Be3 Qg4 16. Rf3 Be4 17. Bc5 Bxf3 18. gxf3 Qxg3+ 19. Qg2 Qxg2+ 20. Kxg2 O-O-O
21. Bd3 Nd5 22. Kg3 g5 23. a4 Nf4 24. Bxa7 Nxd3 25. cxd3 Rxd3 26. Rf1 f5 27. h5
g4 28. Kf4 Rxf3+ 29. Rxf3 gxf3 30. Kxf3 e5 31. Bc5 Kd7 32. b4 Ke6 33. a5 Rg8 34.
Be3 f4 35. Bc5 Kf5 36. Bd6 Rg3+ 37. Kf2 Rh3 38. Bf8 Rxh5 39. Kf3 e4+ 40. Ke2
Rh2+ 41. Kf1 e3 42. Kg1 e2 {White resigns} 0-1

[Event "Team 45 45 League T49"]
[Site "Internet Chess Club"]
[Date "2011.06.04"]
[Round "4"]
[White "pudge"]
[Black "houseofcook"]
[Result "1-0"]
[WhiteElo "1322"]
[BlackElo "1412"]
[Opening "French defense"]
[ECO "C00"]
[Time "13:05:51"]
[TimeControl "2700+45"]

1. e4 e6 2. Nf3 d5 3. exd5 exd5 4. d4 Nf6 5. Bf4 Bf5 6. Bd3 Bxd3 7. Qxd3 Bd6 8.
Bxd6 Qxd6 9. O-O O-O 10. Re1 Nbd7 11. Nbd2 Rfe8 12. c3 c6 13. b3 Nh5 14. Ng5
Ndf6 15. Qf5 Nf4 16. Qc2 h6 17. Ngf3 N6h5 18. g3 Ng6 19. Qf5 Nf6 20. Ne5 Qe6 21.
Qxe6 Rxe6 22. Nxg6 Rxe1+ 23. Rxe1 fxg6 24. Kg2 Re8 25. Rxe8+ Nxe8 26. Nf3 Kf7
27. Ne5+ Kf6 28. f3 g5 29. g4 Nd6 30. a4 a5 31. Kf2 b6 32. Nd7+ Ke7 33. Nxb6 g6
34. c4 Ke6 35. Ke3 h5 36. h3 h4 37. Kd3 Nb7 38. Kc3 Nd6 39. b4 Nb7 40. bxa5 Nxa5
41. Kb4 Nxc4 42. Nxc4 dxc4 43. Kxc4 Kd7 44. Kc5 Kc7 45. a5 Kb7 46. d5 cxd5 47.
Kxd5 Ka6 48. Ke6 Kxa5 49. Kf6 Kb5 50. Kxg6 Kc5 51. Kxg5 Kd5 52. f4 Ke4 53. f5
Ke5 54. Kxh4 Kf6 55. Kh5 Kg7 56. g5 Kh7 57. h4 Kg7 58. Kg4 Kh7 59. h5 Kg7 60.
f6+ Kf7 61. Kf5 Kg8 62. g6 Kh8 63. h6 Kg8 64. Ke6 Kf8 65. h7 {Black resigns} 1-0

[Event "Team 45 45 League T49"]
[Site "Internet Chess Club"]
[Date "2011.06.02"]
[Round "4"]
[White "KyleMayhugh"]
[Black "achessfool"]
[Result "1-0"]
[WhiteElo "1431"]
[BlackElo "1365"]
[Opening "Evans gambit"]
[ECO "C52"]
[Time "10:00:23"]
[TimeControl "2700+45"]

1. e4 e5 2. Nf3 Nc6 3. Bc4 Bc5 4. b4 Bxb4 5. c3 Ba5 6. Qb3 Qf6 7. d4 d6 8. Bg5
Qg6 9. O-O Bb6 10. dxe5 dxe5 11. Rd1 Nge7 12. Bxe7 Kxe7 13. Nbd2 Be6 14. Nh4
Bxc4 15. Nxg6+ hxg6 16. Qxc4 Rh4 17. Nf3 Rf4 18. Rd2 f5 19. Ng5 Kf6 20. Nh7+ Ke7
21. Rad1 Rd8 22. Rxd8 Nxd8 23. Qd5 Bxf2+ 24. Kh1 Bd4 25. cxd4 Rxe4 26. dxe5
{Black resigns} 1-0

[Event "Team 45 45 League T49"]
[Site "Internet Chess Club"]
[Date "2011.06.05"]
[Round "4"]
[White "Morphys-GGS"]
[Black "Burbia"]
[Result "0-1"]
[WhiteElo "1481"]
[BlackElo "1362"]
[Opening "French: exchange variation"]
[ECO "C01"]
[Time "17:00:15"]
[TimeControl "2700+45"]

1. e4 e6 2. d4 d5 3. exd5 exd5 4. Bd3 Nf6 5. Bf4 Be7 6. Nf3 Bg4 7. Nbd2 O-O 8.
O-O c6 9. h3 Bd6 10. Bxd6 Bxf3 11. Nxf3 Qxd6 12. Re1 Nbd7 13. c4 h6 14. c5 Qc7
15. Qc2 Rfe8 16. b4 b6 17. Nh4 bxc5 18. bxc5 Qa5 19. Re2 Rxe2 20. Bxe2 Rb8 21.
Nf5 Kf8 22. Rb1 Rxb1+ 23. Qxb1 Ne4 24. Qb7 Ndf6 25. Qe7+ Kg8 26. Nd6 Qe1+ 27.
Bf1 Qxf2+ 28. Kh2 Qxf1 29. Qd8+ Kh7 30. Nxf7 Ng4+ 31. hxg4 Qxf7 32. Qh4 Qf4+ 33.
Kg1 Nf6 34. Qe1 Qxd4+ 35. Kh1 Qxc5 36. Qb1+ Ne4 37. Kh2 Qb5 38. Qd1 Qb8+ 39. Kg1
Qg3 40. Qe2 Qf2+ 41. Qxf2 Nxf2 42. Kxf2 Kg6 43. Kf3 Kg5 44. a3 a5 45. g3 c5 46.
a4 g6 47. Ke3 Kxg4 48. Kf2 d4 49. Kg2 c4 50. Kf2 c3 {White resigns} 0-1

[Event "Team 45 45 League T49"]
[Site "Internet Chess Club"]
[Date "2011.06.04"]
[Round "4"]
[White "Sandia"]
[Black "BishopMike"]
[Result "1/2-1/2"]
[WhiteElo "1261"]
[BlackElo "1433"]
[Opening "Sicilian: Nimzovich-Rossolimo attack (without ...d6)"]
[ECO "B30"]
[Time "11:00:07"]
[TimeControl "2700+45"]

1. e4 c5 2. Nf3 Nc6 3. Bb5 a6 4. Ba4 b5 5. Bb3 c4 6. Nc3 cxb3 7. axb3 e5 8. O-O
Nf6 9. Re1 Bd6 10. d3 Qb6 11. Bg5 Ng4 12. Re2 Bc5 13. Qd2 Nxf2 14. Rxf2 Bxf2+
15. Qxf2 Qxf2+ 16. Kxf2 f6 17. Be3 O-O 18. Bc5 Re8 19. Nd5 Rb8 20. Bd6 Rb7 21.
Rxa6 Nd4 22. Nxd4 exd4 23. Ra8 h5 24. Ne7+ Kf7 25. Rxc8 Rxe7 26. Bxe7 Kxe7 27.
Ra8 Rc7 28. Ra5 Rxc2+ 29. Kg3 Rc5 30. b4 Rg5+ 31. Kf3 Re5 32. h4 g5 33. hxg5
fxg5 34. g4 h4 35. Kg2 Kd6 36. Ra6+ Kc7 37. Rg6 d6 38. Rf6 Kc6 39. Kh3 Kd7 40.
Rf7+ Ke6 41. Rb7 Kf6 42. Rb6 Ke7 43. Rb7+ Kd8 44. Rb6 Kc7 45. Ra6 d5 46. exd5
Re3+ 47. Kg2 Kb7 48. Rg6 Rg3+ 49. Kh2 Rxg4 50. Kh3 Rg3+ 51. Kh2 Kc7 52. d6+ Kd7
53. Rf6 Rxd3 54. Rf5 Rd2+ 55. Kh3 Rxb2 56. Rxb5 d3 57. Rd5 d2 58. Kg4 Rxb4+ 59.
Kxg5 h3 60. Rxd2 Rb3 61. Kg4 Re3 62. Rh2 Kxd6 63. Rxh3 {Game drawn by mutual
agreement} 1/2-1/2

[Event "Team 45 45 League T49"]
[Site "Internet Chess Club"]
[Date "2011.06.03"]
[Round "4"]
[White "TheronUAL"]
[Black "kabubi"]
[Result "1-0"]
[WhiteElo "1518"]
[BlackElo "1124"]
[Opening "Four knights: Scotch, 4...exd4"]
[ECO "C47"]
[Time "10:00:05"]
[TimeControl "2700+45"]

1. e4 e5 2. Nc3 Nf6 3. Nf3 Nc6 4. d4 exd4 5. Nxd4 Bc5 6. Nxc6 dxc6 7. Qxd8+ Kxd8
8. Bd3 Re8 9. O-O Be6 10. Bg5 Be7 11. Rad1 b5 12. Bxb5+ {Black resigns} 1-0

[Event "Team 45 45 League T49"]
[Site "Internet Chess Club"]
[Date "2011.06.05"]
[Round "4"]
[White "chicopee-ed"]
[Black "pudge"]
[Result "0-1"]
[WhiteElo "1352"]
[BlackElo "1327"]
[Opening "Scotch gambit: Benima defense"]
[ECO "C50"]
[Time "14:02:02"]
[TimeControl "2700+45"]

1. e4 e5 2. Nf3 Nc6 3. Bc4 Be7 4. d4 exd4 5. Nxd4 Nf6 6. Nxc6 dxc6 7. Qxd8+ Bxd8
8. Nc3 O-O 9. O-O Re8 10. Re1 Be6 11. Bb3 Bxb3 12. axb3 b5 13. b4 h6 14. Bf4 Be7
15. Bxc7 Bxb4 16. Re3 a5 17. Kf1 a4 18. Na2 Bd2 19. Re2 Ba5 20. Bxa5 Rxa5 21.
Nc3 Rea8 22. Nb1 b4 23. Nd2 c5 24. Nc4 R5a6 25. f3 a3 26. b3 Rd8 27. Rd2 Rxd2
28. Nxd2 Nd7 29. Nc4 Nb8 30. Ke2 Nc6 31. Kd2 Nd4 32. Ra2 f6 33. Ke3 Nxc2+ 34.
Kd2 Nd4 {White resigns} 0-1

[Event "Team 45 45 League T49"]
[Site "Internet Chess Club"]
[Date "2011.06.05"]
[Round "4"]
[White "tworivers"]
[Black "milesotoole"]
[Result "0-1"]
[WhiteElo "1451"]
[BlackElo "1564"]
[Opening "Queen's pawn: London system"]
[ECO "A45"]
[Time "22:00:12"]
[TimeControl "2700+45"]

1. d4 Nf6 2. Bf4 e6 3. e3 c5 4. Nf3 b6 5. Nbd2 Bb7 6. Bd3 Be7 7. c3 cxd4 8. exd4
O-O 9. O-O d6 10. Re1 Nbd7 11. Qe2 Re8 12. Ba6 Bxa6 13. Qxa6 e5 14. dxe5 dxe5
15. Nxe5 Nxe5 16. Rxe5 Qd7 17. Qe2 Bd6 18. Rxe8+ Rxe8 19. Qf3 Bxf4 20. Qxf4 Re2
21. Nf3 Rxb2 22. Re1 h6 23. Qc1 Rxa2 24. Rd1 Qe7 25. Re1 Qc5 26. Qe3 Qxe3 27.
Rxe3 Ra1+ 28. Re1 Rxe1+ 29. Nxe1 Kf8 30. Nc2 Ke7 31. f3 Kd6 32. Kf2 Kc5 33. Ne3
a5 34. Ke2 Nd5 35. Nxd5 Kxd5 36. Kd3 a4 37. c4+ Kc5 38. Kc3 a3 39. Kb3 a2 40.
Kxa2 Kxc4 41. Kb2 Kd3 42. g3 Ke3 43. f4 Kf3 44. Kb3 Kg4 45. Kb4 Kh3 46. Kb5 Kxh2
47. Kxb6 Kxg3 48. f5 h5 {White resigns} 0-1

[Event "Team 45 45 League T49"]
[Site "Internet Chess Club"]
[Date "2011.06.05"]
[Round "4"]
[White "Just-Jim"]
[Black "Bamilus"]
[Result "1-0"]
[WhiteElo "1370"]
[BlackElo "1176"]
[Opening "Two knights defense (Modern bishop's opening)"]
[ECO "C55"]
[Time "18:00:18"]
[TimeControl "2700+45"]

1. e4 e5 2. Nf3 Nc6 3. Bc4 Nf6 4. d3 Be7 5. a3 O-O 6. h3 d6 7. Nc3 a6 8. O-O b5
9. Bb3 Nd4 10. Nxd4 exd4 11. Nd5 Nxd5 12. Bxd5 Rb8 13. Qf3 Bf6 14. Qg3 Be6 15.
Bxe6 fxe6 16. Bh6 Rf7 17. f4 Bh4 18. Qg4 Qf6 19. Bg5 Bxg5 20. fxg5 Qg6 21. h4
Rxf1+ 22. Rxf1 Rf8 23. h5 Rxf1+ 24. Kxf1 Qf7+ 25. Kg1 e5 26. Qc8+ Qf8 27. Qxc7
g6 28. h6 Qf7 29. Qxd6 Qf1+ {Black resigns} 1-0

[Event "Team 45 45 League T49"]
[Site "Internet Chess Club"]
[Date "2011.06.03"]
[Round "4"]
[White "medsurg"]
[Black "Toalla"]
[Result "1-0"]
[WhiteElo "1310"]
[BlackElo "1234"]
[Opening "Sicilian: closed"]
[ECO "B23"]
[Time "17:13:29"]
[TimeControl "2700+45"]

1. e4 c5 2. Nc3 e6 3. Nf3 Nc6 4. Bb5 Nd4 5. O-O a6 6. Bd3 b5 7. Nxd4 cxd4 8. Ne2
e5 9. c3 dxc3 10. dxc3 Bc5 11. Kh1 Nf6 12. Bg5 h6 13. Bh4 Bb7 14. f3 d5 15. exd5
Bxd5 16. Bxf6 Qxf6 17. Bxb5+ axb5 18. Qxd5 Qd6 19. Qxa8+ {Black resigns} 1-0

[Event "Team 45 45 League T49"]
[Site "Internet Chess Club"]
[Date "2011.06.04"]
[Round "4"]
[White "fledermaus"]
[Black "kabindra"]
[Result "1-0"]
[WhiteElo "2005"]
[BlackElo "1808"]
[Opening "King's Indian: orthodox, Aronin-Taimanov, bayonet attack"]
[ECO "E97"]
[Time "10:03:52"]
[TimeControl "2700+45"]

1. d4 Nf6 2. c4 g6 3. Nc3 Bg7 4. e4 d6 5. Nf3 O-O 6. Be2 e5 7. O-O Nc6 8. d5 Ne7
9. b4 Nh5 10. Re1 f5 11. Ng5 Nf6 12. Bf3 c6 13. Ba3 h6 14. Ne6 Bxe6 15. dxe6
fxe4 16. Nxe4 Nxe4 17. Bxe4 d5 18. cxd5 cxd5 19. b5 dxe4 20. Qxd8 Rfxd8 21. Bxe7
Re8 22. Bc5 b6 23. Be3 Rxe6 24. Red1 Re7 25. Rac1 Kh7 26. Rc6 g5 27. Rdd6 a6 28.
bxa6 Rxa6 29. Rxb6 Rxa2 30. h4 Ra1+ 31. Kh2 gxh4 32. Bxh6 Ra3 33. Be3 Rd3 34.
Kh3 Rf7 35. Kxh4 Rxd6 36. Rxd6 Rf6 37. Rxf6 Bxf6+ 38. Kh5 Kg7 39. Bg5 Kf7 40.
Bxf6 Kxf6 41. g4 Kf7 42. Kh6 Kg8 43. Kg6 e3 44. fxe3 e4 {Black resigns} 1-0

[Event "Team 45 45 League T49"]
[Site "Internet Chess Club"]
[Date "2011.06.05"]
[Round "4"]
[White "loserloser"]
[Black "DarkFlow"]
[Result "0-1"]
[WhiteElo "1765"]
[BlackElo "2043"]
[Opening "Réti: King's Indian attack"]
[ECO "A05"]
[Time "12:00:42"]
[TimeControl "2700+45"]

1. Nf3 Nf6 2. g3 g6 3. Bg2 Bg7 4. O-O O-O 5. c4 d6 6. Nc3 c6 7. d3 e5 8. Qc2
Nbd7 9. Bd2 Nc5 10. b4 Ne6 11. c5 Re8 12. cxd6 Qxd6 13. Rab1 Bd7 14. Na4 b6 15.
Bc3 Nd5 16. Ba1 Nxb4 17. Qb2 c5 18. Nc3 Rac8 19. a3 Nc6 20. Nb5 Qe7 21. Rfc1 e4
{White resigns} 0-1

[Event "Team 45 45 League T49"]
[Site "Internet Chess Club"]
[Date "2011.06.05"]
[Round "4"]
[White "Grenadier"]
[Black "vaknight"]
[Result "0-1"]
[WhiteElo "1776"]
[BlackElo "1762"]
[Opening "Pirc defense"]
[ECO "B07"]
[Time "20:00:38"]
[TimeControl "2700+45"]

1. e4 d6 2. d4 Nf6 3. Bd3 g6 4. c3 Bg7 5. Nf3 O-O 6. O-O c5 7. Bg5 Qc7 8. Nbd2
Bd7 9. Re1 Nc6 10. Rc1 h6 11. Bh4 Rfe8 12. Bg3 Nh5 13. dxc5 Nxg3 14. hxg3 dxc5
15. Bb1 Bg4 16. Qa4 a6 17. a3 b5 18. Qc2 h5 19. Nh4 c4 20. Nf1 Ne5 21. Qd2 Red8
22. Qf4 Kh7 23. Nf3 Bxf3 24. gxf3 Bh6 25. Qh4 Bxc1 26. Kg2 Bxb2 27. Ne3 e6 28.
g4 Bxa3 29. gxh5 Qe7 30. hxg6+ Kxg6 31. Qg3+ Qg5 32. Ng4 Nxg4 33. fxg4 e5 34.
Re3 Rd2 35. Rf3 Bc5 36. Rf5 Rxf2+ 37. Rxf2 Bxf2 38. Kxf2 Qd2+ 39. Kf3 Qd1+ 40.
Kg2 Qe2+ 41. Kg1 Rd8 {White resigns} 0-1

[Event "Team 45 45 League T49"]
[Site "Internet Chess Club"]
[Date "2011.06.01"]
[Round "4"]
[White "CheeryCherry"]
[Black "GoIrish"]
[Result "1-0"]
[WhiteElo "1542"]
[BlackElo "1565"]
[Opening "Alekhine's defense: Scandinavian variation"]
[ECO "B02"]
[Time "21:01:12"]
[TimeControl "2700+45"]

1. e4 Nf6 2. Nc3 d5 3. exd5 Nxd5 4. Nf3 Bg4 5. d4 Nc6 6. Be3 Nxe3 7. fxe3 e6 8.
h3 Bh5 9. g4 Bg6 10. Bb5 Bd6 11. Rg1 O-O 12. h4 h6 13. h5 Bh7 14. g5 Kh8 15.
gxh6 gxh6 16. Qd2 Qf6 17. Be2 Rg8 18. O-O-O Nb4 19. Rdf1 Rxg1 20. Nxg1 Qe7 21.
e4 c5 22. dxc5 Bxc5 23. Qxh6 Rg8 24. Nf3 f5 25. Ne5 Qg7 26. Ng6+ Qxg6 27. hxg6
Rxg6 28. Qh2 Be3+ 29. Kb1 f4 30. Rh1 Rg7 31. Bh5 Kg8 32. Qh4 Nc6 33. Qf6 {Black
resigns} 1-0

[Event "Team 45 45 League T49"]
[Site "Internet Chess Club"]
[Date "2011.06.09"]
[Round "4"]
[White "PandorasBox"]
[Black "charles-allen"]
[Result "1-0"]
[WhiteElo "1952"]
[BlackElo "1871"]
[Opening "English opening"]
[ECO "A13"]
[Time "17:31:03"]
[TimeControl "2700+45"]

1. c4 e6 2. g3 d5 3. Bg2 Nf6 4. Nf3 c6 5. O-O Nbd7 6. cxd5 exd5 7. d3 Bd6 8. Bg5
h6 9. Bd2 O-O 10. Nc3 Re8 11. Re1 Ne5 12. Nxe5 Rxe5 13. Qb3 Re7 14. Rad1 d4 15.
Ne4 Nxe4 16. Bxe4 Be6 17. Qc2 Qb6 18. b3 Rae8 19. e3 Bc5 20. exd4 Bxd4 21. Bc3
Bg4 22. Rc1 Qc5 23. Qd2 Qd6 24. Bxd4 Qxd4 25. Qf4 Qd7 26. Re3 Be6 27. Rce1 Qc7
28. Qf3 Qa5 29. Qe2 Kf8 30. Bg2 Qg5 31. h4 Qf6 32. Qd2 Bd5 33. Rxe7 Rxe7 34.
Bxd5 Rxe1+ 35. Qxe1 cxd5 36. Qa5 Qb6 37. Qxd5 Ke7 38. Qe5+ Kf8 39. Qd5 Ke7 40.
d4 Qc7 41. Qe4+ Kd7 42. Qg4+ Ke7 43. Qxg7 Qc1+ 44. Kg2 Qc6+ 45. Kh2 Qf3 46. Qe5+
Kf8 47. Qe3 Qf6 48. d5 Kg7 49. Qd2 Qd6 50. Qd4+ Qf6 51. Qe3 b6 52. b4 Qd6 53.
Qe4 Qf6 54. Kg2 Qd6 55. f4 Qd7 56. f5 Qd6 57. g4 Qf6 58. Kg3 Qc3+ 59. Kf4 Qd2+
60. Ke5 Qh2+ 61. Kd4 Qd2+ 62. Kc4 Qxa2+ 63. Kb5 Qa1 64. d6 Qf1+ 65. Kc6 a6 66.
Qe5+ Kg8 67. d7 Qc4+ 68. Kb7 Qd3 69. Qe8+ Kg7 70. f6+ Kh7 71. Qxf7+ {Black
resigns} 1-0